Predators vs Avalanche

Created - November 4 2010 at 17:54

Goals
1 2 3 T
Predators 2 2 0 4
Avalanche 0 1 1 2
Shots
1 2 3 T
Predators 8 8 10 26
Avalanche 8 18 7 33

Period #1

1. Predators , Patrik Elias 5 (Jeff Carter) at 11:08
2. Predators , Braydon Coburn 3 (Steven Stamkos, Alexandre Burrows) at 12:59

Penalties :
Tomas Kaberle (NSH) for High sticking (Minor) at 13:29, Patric Hornqvist (NSH) for Hooking (Minor) at 18:43

Period #2

3. Avalanche , Tyler Bozak 6 (Wade Redden) at 1:41 (PP)
4. Predators , Simon Gagne 9 (Patric Hornqvist, Jeff Carter) at 9:13 (PP)
5. Predators , Scottie Upshall 4 (Jeff Carter) at 10:33

Penalties :
Patric Hornqvist (NSH) for Hooking (Minor) at 0:51, Brent Burns (NSH) for Tripping (Minor) at 6:10, Niclas Wallin (COL) for Hooking (Minor) at 8:25, Joe Corvo (COL) for Hooking (Minor) at 11:16, Brent Burns (NSH) for Hooking (Minor) at 14:59

Period #3

6. Avalanche , Brian Gionta 8 (Wojtek Wolski, Kyle Quincey) at 17:27

Penalties :
T.J. Oshie (COL) for Tripping (Minor) at 5:08, Niclas Wallin (COL) for Roughing (Minor) at 12:33

Goalie Stats

Pekka Rinne (NSH), 31 saves from 33 shots - (0.939), W, 13-1-0, 60:00 minutes
Semyon Varlamov (COL), 22 saves from 26 shots - (0.846), L, 4-2-0, 60:00 minutes

Players Stats

Predators
Player Name              G  A  P  +/- PIM S  H  SB FO    MP 
------------------------------------------------------------
Alexandre Burrows        0  1  1   1  0   2  4  0  3/4   20 
Braydon Coburn           1  0  1   1  0   1  5  0  0/0   19 
Brent Burns              0  0  0  -1  4   0  2  2  0/0   15 
Cody Franson             0  0  0   0  0   0  0  1  0/0   10 
David Legwand            0  0  0   0  0   0  1  0  10/15 11 
Derek Morris             0  0  0   2  0   1  1  2  0/0   15 
Eric Nystrom             0  0  0   0  0   1  3  1  2/6   11 
Jeff Carter              0  3  3   2  0   3  0  2  11/22 20 
Nicklas Backstrom        0  0  0  -1  0   3  0  0  8/13  19 
Patric Hornqvist         0  1  1  -1  4   1  1  0  0/0   15 
Patrik Elias             1  0  1   2  0   2  0  0  0/1   18 
Scottie Upshall          1  0  1   2  0   3  4  0  0/0   15 
Shea Weber               0  0  0  -1  0   3  0  0  0/0   21 
Simon Gagne              1  0  1   1  0   1  0  0  0/1   17 
Steven Stamkos           0  1  1   1  0   4  0  0  5/13  14 
Thomas Vanek             0  0  0  -1  0   0  3  1  0/2   15 
Tomas Kaberle            0  0  0   2  2   0  0  0  0/0   15 
Zbynek Michalek          0  0  0   1  0   1  0  0  0/0   20 
Avalanche
Player Name              G  A  P  +/- PIM S  H  SB FO    MP 
------------------------------------------------------------
Brian Gionta             1  0  1   0  0   5  2  2  1/2   21 
Carl Gunnarsson          0  0  0  -1  0   0  1  2  0/0   22 
Daniel Briere            0  0  0   0  0   0  0  0  1/1   8  
Joe Corvo                0  0  0  -2  2   1  0  0  0/0   20 
Kevin Klein              0  0  0  -1  0   0  0  4  0/0   19 
Kris Versteeg            0  0  0   0  0   0  0  0  0/1   6  
Kyle Quincey             0  1  1   1  0   3  1  1  0/0   24 
Marcel Goc               0  0  0   0  0   0  0  0  7/12  8  
Mike Knuble              0  0  0  -1  0   2  0  1  0/1   16 
Niclas Wallin            0  0  0  -1  4   1  1  0  0/0   15 
T.J. Galiardi            0  0  0  -1  0   4  1  0  2/8   20 
T.J. Oshie               0  0  0  -1  2   0  4  0  1/1   15 
Todd White               0  0  0  -1  0   4  0  0  9/17  13 
Troy Brouwer             0  0  0  -1  0   2  3  0  1/2   18 
Tyler Bozak              1  0  1   0  0   6  0  0  12/23 19 
Vaclav Prospal           0  0  0  -1  0   1  0  0  4/8   11 
Wade Redden              0  1  1   0  0   0  2  2  0/0   20 
Wojtek Wolski            0  1  1   0  0   4  0  0  0/1   21 

3 Stars

1 - Jeff Carter (NSH)
2 - Scottie Upshall (NSH)
3 - Braydon Coburn (NSH)

Power Play

Predators - 1 on 4 Attempt(s) - 25.00%
Avalanche - 1 on 5 Attempt(s) - 20.00%

Penalty Kill

Predators - 4 on 5 Attempt(s) - 80.00% - Score 0 goal in Penalty Kill
Avalanche - 3 on 4 Attempt(s) - 75.00% - Score 0 goal in Penalty Kill

Game Notes

No Game Note

Finance

Level 1 -- Attendance: 6097 (93.80%) -- Ticket Income $548,730.00
Level 2 -- Attendance: 3971 (79.42%) -- Ticket Income $238,260.00
Level 3 -- Attendance: 3004 (85.83%) -- Ticket Income $105,140.00
Level 4 -- Attendance: 1793 (89.34%) -- Ticket Income $44,825.00
Luxury Box -- Attendance: 1000 (100.00%) -- Ticket Income $190,000.00
Game was played at the Pepsi Center
Total Attendance: 15865 (88.10%)
Total Ticket Income: $1,209,924.00
Other Income: $196,225.50
Total Income: $1,406,150.00


Play by Play

Period #1

0:01 of 1st period - Nicklas Backstrom wins face-off versus Tyler Bozak in neutral zone.
0:35 of 1st period - Shot by Brian Gionta.
0:35 of 1st period - Stopped by Pekka Rinne with a rebound.
0:37 of 1st period - Shot by Brian Gionta.
0:37 of 1st period - Shot Misses the Net.
0:39 of 1st period - Shot by Brian Gionta.
0:39 of 1st period - Shot Blocked by Brent Burns.
0:41 of 1st period - Shot by Brian Gionta.
0:41 of 1st period - Shot Misses the Net.
1:13 of 1st period - Shot by Mike Knuble.
1:13 of 1st period - Deflect By Vaclav Prospal.
1:13 of 1st period - Stopped by Pekka Rinne without a rebound.
1:14 of 1st period - Todd White wins face-off versus Jeff Carter in Predators zone.
1:27 of 1st period - Shot by Todd White.
1:27 of 1st period - Stopped by Pekka Rinne without a rebound.
1:28 of 1st period - Steven Stamkos wins face-off versus Marcel Goc in Predators zone.
2:37 of 1st period - Shot by Todd White.
2:37 of 1st period - Shot Misses the Net.
2:43 of 1st period - T.J. Galiardi is hit by Alexandre Burrows and loses puck.
3:20 of 1st period - Shot by Scottie Upshall.
3:20 of 1st period - Stopped by Semyon Varlamov without a rebound.
3:21 of 1st period - Nicklas Backstrom wins face-off versus Vaclav Prospal in Avalanche zone.
3:26 of 1st period - Shot by Patric Hornqvist.
3:26 of 1st period - Deflect By Nicklas Backstrom.
3:26 of 1st period - Shot Blocked by Carl Gunnarsson.
3:55 of 1st period - Patric Hornqvist is hit by Troy Brouwer and loses puck.
4:45 of 1st period - Icing by Kyle Quincey.
4:46 of 1st period - David Legwand wins face-off versus Tyler Bozak in Avalanche zone.
4:49 of 1st period - Shot by Nicklas Backstrom.
4:49 of 1st period - Shot Blocked by Brian Gionta.
4:53 of 1st period - Shot by Nicklas Backstrom.
4:53 of 1st period - Shot Misses the Net.
5:29 of 1st period - Shot by Steven Stamkos.
5:29 of 1st period - Stopped by Semyon Varlamov without a rebound.
5:30 of 1st period - Steven Stamkos wins face-off versus Todd White in Avalanche zone.
5:57 of 1st period - Shot by T.J. Galiardi.
5:57 of 1st period - Stopped by Pekka Rinne without a rebound.
5:58 of 1st period - Jeff Carter wins face-off versus Mike Knuble in Predators zone.
5:58 of 1st period - Jeff Carter is hit by Troy Brouwer.
6:23 of 1st period - Joe Corvo is hit by Derek Morris and loses puck.
6:35 of 1st period - Patrik Elias is hit by Carl Gunnarsson and loses puck.
6:48 of 1st period - Shot by Nicklas Backstrom.
6:48 of 1st period - Shot Hit the Post.
6:52 of 1st period - Shot by Nicklas Backstrom.
6:52 of 1st period - Shot Misses the Net.
6:54 of 1st period - Shot by Shea Weber.
6:54 of 1st period - Stopped by Semyon Varlamov without a rebound.
6:55 of 1st period - Steven Stamkos wins face-off versus Tyler Bozak in Avalanche zone.
8:00 of 1st period - Shea Weber is hit by Brian Gionta and loses puck.
8:13 of 1st period - Shot by T.J. Galiardi.
8:13 of 1st period - Shot Blocked by Thomas Vanek.
8:19 of 1st period - Shot by T.J. Oshie.
8:19 of 1st period - Shot Misses the Net.
8:21 of 1st period - Shot by Todd White.
8:21 of 1st period - Shot Misses the Net.
8:23 of 1st period - Shot by T.J. Oshie.
8:23 of 1st period - Shot Blocked by Brent Burns.
9:50 of 1st period - Shot by Jeff Carter.
9:50 of 1st period - Shot Misses the Net.
9:54 of 1st period - Shot by Patrik Elias.
9:54 of 1st period - Shot Misses the Net.
9:56 of 1st period - Shot by Derek Morris.
9:56 of 1st period - Stopped by Semyon Varlamov without a rebound.
9:57 of 1st period - Marcel Goc wins face-off versus Steven Stamkos in Avalanche zone.
9:57 of 1st period - Marcel Goc is hit by Alexandre Burrows.
10:00 of 1st period - Kris Versteeg is hit by Alexandre Burrows.
10:43 of 1st period - Icing by Braydon Coburn.
10:44 of 1st period - Tyler Bozak wins face-off versus Steven Stamkos in Predators zone.
10:44 of 1st period - Brian Gionta is hit by Braydon Coburn and loses puck.
11:08 of 1st period - Shot by Patrik Elias.
11:08 of 1st period - Goal by Patrik Elias - Predators : 1 - Avalanche : 0.
11:09 of 1st period - Todd White wins face-off versus Jeff Carter in neutral zone.
11:14 of 1st period - Scottie Upshall is hit by T.J. Oshie and loses puck.
11:27 of 1st period - Shot by Jeff Carter.
11:27 of 1st period - Stopped by Semyon Varlamov without a rebound.
11:28 of 1st period - Marcel Goc wins face-off versus David Legwand in Avalanche zone.
11:34 of 1st period - Icing by Kyle Quincey.
11:35 of 1st period - David Legwand wins face-off versus Marcel Goc in Avalanche zone.
12:34 of 1st period - Shot by Tyler Bozak.
12:34 of 1st period - Shot Misses the Net.
12:36 of 1st period - Shot by Tyler Bozak.
12:36 of 1st period - Stopped by Pekka Rinne without a rebound.
12:37 of 1st period - Alexandre Burrows wins face-off versus Todd White in Predators zone.
12:37 of 1st period - Alexandre Burrows is hit by T.J. Oshie.
12:43 of 1st period - Shot by Alexandre Burrows.
12:43 of 1st period - Shot Blocked by Kevin Klein.
12:45 of 1st period - Shot by Simon Gagne.
12:45 of 1st period - Shot Misses the Net.
12:57 of 1st period - Shot by Steven Stamkos.
12:57 of 1st period - Shot Misses the Net.
12:59 of 1st period - Shot by Braydon Coburn.
12:59 of 1st period - Goal by Braydon Coburn - Predators : 2 - Avalanche : 0.
13:00 of 1st period - Tyler Bozak wins face-off versus Jeff Carter in neutral zone.
13:00 of 1st period - Tyler Bozak is hit by Scottie Upshall.
13:20 of 1st period - Shot by Jeff Carter.
13:20 of 1st period - Shot Misses the Net.
13:29 of 1st period - Minor Penalty to Tomas Kaberle for High sticking.
13:30 of 1st period - David Legwand wins face-off versus T.J. Galiardi in Predators zone.
13:45 of 1st period - Shot by Joe Corvo.
13:45 of 1st period - Shot Misses the Net.
14:39 of 1st period - Shot by Kyle Quincey.
14:39 of 1st period - Shot Hit the Post.
15:02 of 1st period - Mike Knuble is hit by Eric Nystrom and loses puck.
15:09 of 1st period - Shot by Joe Corvo.
15:09 of 1st period - Stopped by Pekka Rinne without a rebound.
15:10 of 1st period - Tyler Bozak wins face-off versus David Legwand in Predators zone.
15:29 of 1st period - Shot by Wojtek Wolski.
15:29 of 1st period - Stopped by Pekka Rinne without a rebound.
15:30 of 1st period - Marcel Goc wins face-off versus Thomas Vanek in Predators zone.
16:27 of 1st period - T.J. Oshie is hit by Scottie Upshall.
17:19 of 1st period - Shot by Tyler Bozak.
17:19 of 1st period - Stopped by Pekka Rinne without a rebound.
17:20 of 1st period - Vaclav Prospal wins face-off versus David Legwand in Predators zone.
17:21 of 1st period - Shot by Troy Brouwer.
17:21 of 1st period - Shot Misses the Net.
17:47 of 1st period - Shot by Patrik Elias.
17:47 of 1st period - Shot Blocked by Carl Gunnarsson.
17:49 of 1st period - Shot by Shea Weber.
17:49 of 1st period - Stopped by Semyon Varlamov without a rebound.
17:50 of 1st period - Tyler Bozak wins face-off versus Steven Stamkos in Avalanche zone.
18:43 of 1st period - Minor Penalty to Patric Hornqvist for Hooking.
18:44 of 1st period - Jeff Carter wins face-off versus T.J. Galiardi in Predators zone.
19:01 of 1st period - Icing by Daniel Briere.
19:02 of 1st period - Jeff Carter wins face-off versus T.J. Galiardi in Avalanche zone.

Period #2

0:01 of 2nd period - David Legwand wins face-off versus Tyler Bozak in neutral zone.
0:03 of 2nd period - Braydon Coburn is hit by Wade Redden and loses puck.
0:09 of 2nd period - Icing by Wojtek Wolski.
0:10 of 2nd period - Tyler Bozak wins face-off versus Jeff Carter in Avalanche zone.
0:10 of 2nd period - Tyler Bozak is hit by Eric Nystrom.
0:31 of 2nd period - Shot by Tyler Bozak.
0:31 of 2nd period - Stopped by Pekka Rinne without a rebound.
0:32 of 2nd period - T.J. Galiardi wins face-off versus David Legwand in Predators zone.
0:51 of 2nd period - Minor Penalty to Patric Hornqvist for Hooking.
0:52 of 2nd period - David Legwand wins face-off versus T.J. Galiardi in Predators zone.
1:09 of 2nd period - Shot by Daniel Briere.
1:09 of 2nd period - Shot Blocked by Eric Nystrom.
1:41 of 2nd period - Shot by Tyler Bozak.
1:41 of 2nd period - Goal by Tyler Bozak - Predators : 2 - Avalanche : 1.
1:42 of 2nd period - Tyler Bozak wins face-off versus Nicklas Backstrom in neutral zone.
1:57 of 2nd period - Shot by Brian Gionta.
1:57 of 2nd period - Stopped by Pekka Rinne without a rebound.
1:58 of 2nd period - Todd White wins face-off versus Jeff Carter in Predators zone.
2:11 of 2nd period - Shot by T.J. Galiardi.
2:11 of 2nd period - Deflect By T.J. Oshie.
2:11 of 2nd period - Shot Blocked by Jeff Carter.
4:22 of 2nd period - Vaclav Prospal is hit by Braydon Coburn and loses puck.
4:43 of 2nd period - Shot by Niclas Wallin.
4:43 of 2nd period - Stopped by Pekka Rinne without a rebound.
4:44 of 2nd period - David Legwand wins face-off versus Todd White in Predators zone.
4:44 of 2nd period - David Legwand is hit by T.J. Oshie.
5:00 of 2nd period - Shot by Eric Nystrom.
5:00 of 2nd period - Stopped by Semyon Varlamov without a rebound.
5:01 of 2nd period - Jeff Carter wins face-off versus Marcel Goc in Avalanche zone.
5:44 of 2nd period - Shot by Tyler Bozak.
5:44 of 2nd period - Shot Misses the Net.
5:48 of 2nd period - Shot by Wojtek Wolski.
5:48 of 2nd period - Shot Blocked by Derek Morris.
5:50 of 2nd period - Shot by Tyler Bozak.
5:50 of 2nd period - Deflect By Brian Gionta.
5:50 of 2nd period - Shot Blocked by Jeff Carter.
5:52 of 2nd period - Shot by Tyler Bozak.
5:52 of 2nd period - Stopped by Pekka Rinne without a rebound.
5:53 of 2nd period - Steven Stamkos wins face-off versus Todd White in Predators zone.
6:03 of 2nd period - Icing by Todd White.
6:04 of 2nd period - T.J. Oshie wins face-off versus Nicklas Backstrom in Avalanche zone.
6:10 of 2nd period - Minor Penalty to Brent Burns for Tripping.
6:11 of 2nd period - David Legwand wins face-off versus Tyler Bozak in Predators zone.
6:26 of 2nd period - Shot by Kyle Quincey.
6:26 of 2nd period - Stopped by Pekka Rinne with a rebound.
6:28 of 2nd period - Shot by Kyle Quincey.
6:28 of 2nd period - Stopped by Pekka Rinne without a rebound.
6:29 of 2nd period - Daniel Briere wins face-off versus Eric Nystrom in Predators zone.
7:00 of 2nd period - Shot by Daniel Briere.
7:00 of 2nd period - Shot Blocked by Cody Franson.
7:02 of 2nd period - Shot by T.J. Galiardi.
7:02 of 2nd period - Stopped by Pekka Rinne without a rebound.
7:03 of 2nd period - David Legwand wins face-off versus Tyler Bozak in Predators zone.
7:29 of 2nd period - Icing by Brian Gionta.
7:30 of 2nd period - Jeff Carter wins face-off versus Tyler Bozak in Avalanche zone.
8:10 of 2nd period - T.J. Galiardi is hit by Patric Hornqvist and loses puck.
8:16 of 2nd period - Icing by Niclas Wallin.
8:17 of 2nd period - Nicklas Backstrom wins face-off versus Todd White in Avalanche zone.
8:21 of 2nd period - Nicklas Backstrom is hit by Niclas Wallin and loses puck.
8:25 of 2nd period - Minor Penalty to Niclas Wallin for Hooking.
8:26 of 2nd period - Marcel Goc wins face-off versus Patrik Elias in Avalanche zone.
8:26 of 2nd period - Marcel Goc is hit by Thomas Vanek.
8:42 of 2nd period - Shot by Shea Weber.
8:42 of 2nd period - Stopped by Semyon Varlamov without a rebound.
8:43 of 2nd period - Jeff Carter wins face-off versus Troy Brouwer in Avalanche zone.
9:11 of 2nd period - Shot by Patric Hornqvist.
9:11 of 2nd period - Shot Misses the Net.
9:13 of 2nd period - Shot by Simon Gagne.
9:13 of 2nd period - Goal by Simon Gagne - Predators : 3 - Avalanche : 1.
9:14 of 2nd period - David Legwand wins face-off versus Tyler Bozak in neutral zone.
9:17 of 2nd period - Shot by Eric Nystrom.
9:17 of 2nd period - Shot Misses the Net.
9:19 of 2nd period - Shot by Shea Weber.
9:19 of 2nd period - Shot Misses the Net.
9:21 of 2nd period - Shot by David Legwand.
9:21 of 2nd period - Shot Blocked by Kyle Quincey.
9:23 of 2nd period - Shot by Shea Weber.
9:23 of 2nd period - Shot Misses the Net.
9:35 of 2nd period - Shot by Tyler Bozak.
9:35 of 2nd period - Shot Misses the Net.
10:29 of 2nd period - Shot by Steven Stamkos.
10:29 of 2nd period - Stopped by Semyon Varlamov without a rebound.
10:30 of 2nd period - Jeff Carter wins face-off versus Vaclav Prospal in Avalanche zone.
10:31 of 2nd period - Shot by Scottie Upshall.
10:31 of 2nd period - Deflect By Jeff Carter.
10:31 of 2nd period - Shot Misses the Net.
10:33 of 2nd period - Shot by Scottie Upshall.
10:33 of 2nd period - Goal by Scottie Upshall - Predators : 4 - Avalanche : 1.
10:34 of 2nd period - Nicklas Backstrom wins face-off versus Todd White in neutral zone.
10:34 of 2nd period - Nicklas Backstrom is hit by T.J. Galiardi.
11:11 of 2nd period - Shot by Nicklas Backstrom.
11:11 of 2nd period - Stopped by Semyon Varlamov without a rebound.
11:12 of 2nd period - Jeff Carter wins face-off versus Vaclav Prospal in Avalanche zone.
11:16 of 2nd period - Minor Penalty to Joe Corvo for Hooking.
11:17 of 2nd period - Marcel Goc wins face-off versus Jeff Carter in Avalanche zone.
13:30 of 2nd period - Icing by Brian Gionta.
13:31 of 2nd period - Tyler Bozak wins face-off versus Eric Nystrom in Avalanche zone.
13:31 of 2nd period - Tyler Bozak is hit by Eric Nystrom.
14:40 of 2nd period - Shot by Alexandre Burrows.
14:40 of 2nd period - Stopped by Semyon Varlamov with a rebound.
14:44 of 2nd period - Shot by Steven Stamkos.
14:44 of 2nd period - Shot Blocked by Kevin Klein.
14:46 of 2nd period - Shot by Alexandre Burrows.
14:46 of 2nd period - Shot Blocked by Kevin Klein.
14:59 of 2nd period - Minor Penalty to Brent Burns for Hooking.
15:00 of 2nd period - Tyler Bozak wins face-off versus Eric Nystrom in Predators zone.
15:01 of 2nd period - Shot by Wojtek Wolski.
15:01 of 2nd period - Shot Misses the Net.
15:03 of 2nd period - Shot by Wojtek Wolski.
15:03 of 2nd period - Stopped by Pekka Rinne with a rebound.
15:07 of 2nd period - Shot by Brian Gionta.
15:07 of 2nd period - Shot Misses the Net.
15:09 of 2nd period - Shot by Wade Redden.
15:09 of 2nd period - Shot Misses the Net.
15:18 of 2nd period - Shot by Tyler Bozak.
15:18 of 2nd period - Shot Misses the Net.
15:22 of 2nd period - Shot by Wojtek Wolski.
15:22 of 2nd period - Shot Hit the Post.
15:24 of 2nd period - Shot by Tyler Bozak.
15:24 of 2nd period - Stopped by Pekka Rinne with a rebound.
15:28 of 2nd period - Shot by Brian Gionta.
15:28 of 2nd period - Stopped by Pekka Rinne without a rebound.
15:29 of 2nd period - David Legwand wins face-off versus Kris Versteeg in Predators zone.
15:42 of 2nd period - Shot by Mike Knuble.
15:42 of 2nd period - Stopped by Pekka Rinne with a rebound.
15:44 of 2nd period - Shot by Mike Knuble.
15:44 of 2nd period - Stopped by Pekka Rinne without a rebound.
15:45 of 2nd period - Eric Nystrom wins face-off versus T.J. Galiardi in Predators zone.
15:56 of 2nd period - Shot by T.J. Galiardi.
15:56 of 2nd period - Stopped by Pekka Rinne without a rebound.
15:57 of 2nd period - Jeff Carter wins face-off versus Tyler Bozak in Predators zone.
16:06 of 2nd period - Nicklas Backstrom is hit by Brian Gionta and loses puck.
17:51 of 2nd period - Shot by Wojtek Wolski.
17:51 of 2nd period - Stopped by Pekka Rinne without a rebound.
17:52 of 2nd period - Todd White wins face-off versus Jeff Carter in Predators zone.
17:57 of 2nd period - Shot by T.J. Oshie.
17:57 of 2nd period - Shot Misses the Net.
18:01 of 2nd period - Shot by Todd White.
18:01 of 2nd period - Shot Blocked by Derek Morris.
18:03 of 2nd period - Shot by T.J. Galiardi.
18:03 of 2nd period - Shot Misses the Net.
18:05 of 2nd period - Shot by T.J. Oshie.
18:05 of 2nd period - Deflect By Todd White.
18:05 of 2nd period - Stopped by Pekka Rinne without a rebound.
18:06 of 2nd period - Tyler Bozak wins face-off versus Steven Stamkos in Predators zone.
18:11 of 2nd period - Shot by Brian Gionta.
18:11 of 2nd period - Shot Misses the Net.
18:13 of 2nd period - Shot by Brian Gionta.
18:13 of 2nd period - Shot Misses the Net.
18:21 of 2nd period - Shot by Wojtek Wolski.
18:21 of 2nd period - Stopped by Pekka Rinne with a rebound.
18:59 of 2nd period - Shot by T.J. Galiardi.
18:59 of 2nd period - Shot Misses the Net.
19:09 of 2nd period - Shot by Todd White.
19:09 of 2nd period - Stopped by Pekka Rinne with a rebound.
19:11 of 2nd period - Shot by Kevin Klein.
19:11 of 2nd period - Shot Misses the Net.
19:57 of 2nd period - Shot by Jeff Carter.
19:57 of 2nd period - Shot Hit the Post.
19:59 of 2nd period - Shot by Scottie Upshall.
19:59 of 2nd period - Stopped by Semyon Varlamov without a rebound.

Period #3

0:01 of 3rd period - Nicklas Backstrom wins face-off versus Tyler Bozak in neutral zone.
0:51 of 3rd period - Shot by Scottie Upshall.
0:51 of 3rd period - Shot Misses the Net.
1:15 of 3rd period - Shot by Patrik Elias.
1:15 of 3rd period - Shot Misses the Net.
1:38 of 3rd period - Shot by Troy Brouwer.
1:38 of 3rd period - Stopped by Pekka Rinne without a rebound.
1:39 of 3rd period - Todd White wins face-off versus Steven Stamkos in Predators zone.
1:40 of 3rd period - Shot by T.J. Galiardi.
1:40 of 3rd period - Stopped by Pekka Rinne without a rebound.
1:41 of 3rd period - Todd White wins face-off versus Simon Gagne in Predators zone.
2:16 of 3rd period - Shot by Steven Stamkos.
2:16 of 3rd period - Shot Blocked by Kevin Klein.
2:20 of 3rd period - Shot by Alexandre Burrows.
2:20 of 3rd period - Deflect By Steven Stamkos.
2:20 of 3rd period - Shot Misses the Net.
2:22 of 3rd period - Shot by Alexandre Burrows.
2:22 of 3rd period - Deflect By Steven Stamkos.
2:22 of 3rd period - Shot Misses the Net.
2:33 of 3rd period - Icing by T.J. Galiardi.
2:34 of 3rd period - Todd White wins face-off versus Nicklas Backstrom in Avalanche zone.
2:43 of 3rd period - Shea Weber is hit by T.J. Oshie and loses puck.
2:54 of 3rd period - Shot by Nicklas Backstrom.
2:54 of 3rd period - Stopped by Semyon Varlamov without a rebound.
2:55 of 3rd period - Vaclav Prospal wins face-off versus Eric Nystrom in Avalanche zone.
3:15 of 3rd period - Shea Weber is hit by Troy Brouwer and loses puck.
3:22 of 3rd period - Troy Brouwer is hit by David Legwand and loses puck.
3:53 of 3rd period - Icing by Zbynek Michalek.
3:54 of 3rd period - Steven Stamkos wins face-off versus Wojtek Wolski in Predators zone.
4:05 of 3rd period - Shot by Steven Stamkos.
4:05 of 3rd period - Stopped by Semyon Varlamov without a rebound.
4:06 of 3rd period - Jeff Carter wins face-off versus Tyler Bozak in Avalanche zone.
4:06 of 3rd period - Jeff Carter is hit by Wade Redden.
4:09 of 3rd period - Patrik Elias is hit by Kyle Quincey and loses puck.
4:13 of 3rd period - Icing by Kyle Quincey.
4:14 of 3rd period - Nicklas Backstrom wins face-off versus Brian Gionta in Avalanche zone.
4:25 of 3rd period - Shot by Nicklas Backstrom.
4:25 of 3rd period - Shot Blocked by Wade Redden.
4:30 of 3rd period - Tyler Bozak is hit by Brent Burns and loses puck.
4:44 of 3rd period - Wojtek Wolski is hit by Brent Burns and loses puck.
5:08 of 3rd period - Minor Penalty to T.J. Oshie for Tripping.
5:09 of 3rd period - Marcel Goc wins face-off versus Jeff Carter in Avalanche zone.
5:50 of 3rd period - Shot by Tomas Kaberle.
5:50 of 3rd period - Shot Misses the Net.
6:42 of 3rd period - Shot by Jeff Carter.
6:42 of 3rd period - Stopped by Semyon Varlamov without a rebound.
6:43 of 3rd period - Alexandre Burrows wins face-off versus T.J. Galiardi in Avalanche zone.
7:00 of 3rd period - Shot by Jeff Carter.
7:00 of 3rd period - Stopped by Semyon Varlamov without a rebound.
7:01 of 3rd period - Nicklas Backstrom wins face-off versus Marcel Goc in Avalanche zone.
7:10 of 3rd period - Shot by Patrik Elias.
7:10 of 3rd period - Stopped by Semyon Varlamov without a rebound.
7:11 of 3rd period - Tyler Bozak wins face-off versus David Legwand in Avalanche zone.
7:54 of 3rd period - Shot by Alexandre Burrows.
7:54 of 3rd period - Shot Blocked by Brian Gionta.
8:54 of 3rd period - Shot by Troy Brouwer.
8:54 of 3rd period - Stopped by Pekka Rinne without a rebound.
8:55 of 3rd period - Nicklas Backstrom wins face-off versus Todd White in Predators zone.
9:29 of 3rd period - Icing by Niclas Wallin.
9:30 of 3rd period - Todd White wins face-off versus Steven Stamkos in Avalanche zone.
9:43 of 3rd period - T.J. Oshie is hit by Braydon Coburn and loses puck.
9:56 of 3rd period - Shot by Steven Stamkos.
9:56 of 3rd period - Stopped by Semyon Varlamov without a rebound.
9:57 of 3rd period - Vaclav Prospal wins face-off versus Jeff Carter in Avalanche zone.
10:06 of 3rd period - Troy Brouwer is hit by Scottie Upshall and loses puck.
10:11 of 3rd period - Shot by Jeff Carter.
10:11 of 3rd period - Shot Misses the Net.
10:13 of 3rd period - Shot by Jeff Carter.
10:13 of 3rd period - Shot Blocked by Mike Knuble.
10:37 of 3rd period - Icing by Carl Gunnarsson.
10:38 of 3rd period - Troy Brouwer wins face-off versus Nicklas Backstrom in Avalanche zone.
10:45 of 3rd period - Shot by Patric Hornqvist.
10:45 of 3rd period - Stopped by Semyon Varlamov without a rebound.
10:46 of 3rd period - Todd White wins face-off versus Alexandre Burrows in Avalanche zone.
10:59 of 3rd period - Shot by T.J. Oshie.
10:59 of 3rd period - Deflect By Todd White.
10:59 of 3rd period - Stopped by Pekka Rinne without a rebound.
11:00 of 3rd period - Tyler Bozak wins face-off versus Nicklas Backstrom in Predators zone.
11:13 of 3rd period - Shot by Wojtek Wolski.
11:13 of 3rd period - Shot Misses the Net.
11:15 of 3rd period - Shot by Kyle Quincey.
11:15 of 3rd period - Stopped by Pekka Rinne without a rebound.
11:16 of 3rd period - Alexandre Burrows wins face-off versus Todd White in Predators zone.
11:18 of 3rd period - Icing by Steven Stamkos.
11:19 of 3rd period - Marcel Goc wins face-off versus Steven Stamkos in Predators zone.
11:19 of 3rd period - Marcel Goc is hit by Braydon Coburn.
11:58 of 3rd period - Shot by Alexandre Burrows.
11:58 of 3rd period - Stopped by Semyon Varlamov with a rebound.
12:33 of 3rd period - Minor Penalty to Niclas Wallin for Roughing.
12:34 of 3rd period - T.J. Galiardi wins face-off versus Thomas Vanek in Avalanche zone.
13:31 of 3rd period - T.J. Galiardi is hit by Thomas Vanek and loses puck.
13:43 of 3rd period - Icing by Patric Hornqvist.
13:44 of 3rd period - Brian Gionta wins face-off versus Jeff Carter in Predators zone.
13:44 of 3rd period - Brian Gionta is hit by Scottie Upshall.
14:11 of 3rd period - Icing by Scottie Upshall.
14:12 of 3rd period - Jeff Carter wins face-off versus Marcel Goc in Predators zone.
14:46 of 3rd period - Shot by Steven Stamkos.
14:46 of 3rd period - Shot Blocked by Wade Redden.
14:48 of 3rd period - Shot by Zbynek Michalek.
14:48 of 3rd period - Stopped by Semyon Varlamov without a rebound.
14:49 of 3rd period - Eric Nystrom wins face-off versus Vaclav Prospal in Avalanche zone.
14:50 of 3rd period - Shot by Nicklas Backstrom.
14:50 of 3rd period - Stopped by Semyon Varlamov without a rebound.
14:51 of 3rd period - Vaclav Prospal wins face-off versus Steven Stamkos in Avalanche zone.
17:27 of 3rd period - Shot by Brian Gionta.
17:27 of 3rd period - Goal by Brian Gionta - Predators : 4 - Avalanche : 2.
17:28 of 3rd period - Tyler Bozak wins face-off versus Jeff Carter in neutral zone.
17:31 of 3rd period - Shot by Brian Gionta.
17:31 of 3rd period - Stopped by Pekka Rinne with a rebound.
19:10 of 3rd period - Vaclav Prospal is hit by Thomas Vanek and loses puck.
19:33 of 3rd period - Shot by Wojtek Wolski.
19:33 of 3rd period - Shot Misses the Net.
19:36 of 3rd period - Kris Versteeg is hit by Braydon Coburn and loses puck.
19:43 of 3rd period - Shot by Wojtek Wolski.
19:43 of 3rd period - Deflect By Kris Versteeg.
19:43 of 3rd period - Shot Misses the Net.
19:58 of 3rd period - Wojtek Wolski is hit by Alexandre Burrows and loses puck.


Output by the SimonT Hockey Simulator (STHS) for Stephane Roy -- Original Page W3C XHTML 1.0 Valid